AA SOUTH
WEST VIRGINIA BLACK BEARS @ TENNESSEE SMOKIES
04/27/2042
 
TOP OF THE 1ST
West Virginia Black Bears batting - Pitching for Tennessee Smokies : LHP Augusto Colón
Pitching: LHP Augusto Colón
Batting: RHB Jim Lamb 0-0: Ball
1-0: Ball
2-0: Foul Ball, location: 3F
2-1: Ball
3-1: Base on Balls
Batting: RHB Julián Martínez 0-0: Ball
1-0: Foul Ball, location: 2F
1-1: Ball
2-1: Ball
3-1: Called Strike
3-2: Fly out, F9 (Flyball, 9, EV 90.0 MPH)
Batting: LHB Charlie Upton 0-0: Called Strike
0-1: Called Strike
0-2: Strikes out swinging
Batting: RHB Thad Bunch 0-0: 2-RUN HOME RUN (Flyball, 7D, EV 96.3 MPH), Distance : 390 ft
Batting: RHB Tim Ward 0-0: SINGLE (Groundball, 56D, EV 110.6 MPH)
Batting: LHB Chuck Christian 0-0: Foul Ball, location: 7LSF
0-1: Foul Ball, location: 2F
0-2: Strikes out swinging
Top of the 1st over - 2 runs, 2 hits, 0 errors, 1 left on base; West Virginia 2 - Tennessee 0
BOTTOM OF THE 1ST
Tennessee Smokies batting - Pitching for West Virginia Black Bears : RHP Steve Hansen
Pitching: RHP Steve Hansen
Batting: LHB Deron Hatfield 0-0: Ball
1-0: Called Strike
1-1: Ball
2-1: Called Strike
2-2: Ball
3-2: Foul Ball, location: 7LDF
3-2: Foul Ball, location: 2F
3-2: Base on Balls
Batting: RHB Pepe Vega 0-0: Called Strike
0-1: Ball
Deron Hatfield is caught stealing 2nd base 2-4
1-1: Ground out 6-3 (Groundball, 56, EV 91.9 MPH)
Batting: RHB Dewitt Bass 0-0: Ball
1-0: Foul Ball, location: 5FF
1-1: Foul Ball, location: 23F
1-2: Ball
2-2: Ground out 5-3 (Groundball, 56, EV 97.5 MPH)
Bottom of the 1st over - 0 runs, 0 hits, 0 errors, 0 left on base; West Virginia 2 - Tennessee 0
TOP OF THE 2ND
West Virginia Black Bears batting - Pitching for Tennessee Smokies : LHP Augusto Colón
Batting: RHB Ty Johnston 0-0: Ball
1-0: Ball
2-0: Called Strike
2-1: Ball
3-1: Base on Balls
Batting: RHB Kevin Davis 0-0: Called Strike
0-1: Foul Ball, location: 9LDF
0-2: Strikes out looking
Batting: RHB Kevin Wadley 0-0: Called Strike
0-1: Ball
1-1: Foul Ball, location: 2F
1-2: Grounds into double play, 4-6-3 (Groundball, 4, EV 101.9 MPH)
Top of the 2nd over - 0 runs, 0 hits, 0 errors, 0 left on base; West Virginia 2 - Tennessee 0
BOTTOM OF THE 2ND
Tennessee Smokies batting - Pitching for West Virginia Black Bears : RHP Steve Hansen
Batting: RHB Chris Morris 0-0: Ball
1-0: Called Strike
1-1: Ball
2-1: Foul Ball, location: 2F
2-2: SINGLE (Groundball, 4MD, EV 97.5 MPH)
Batting: LHB Johnathan Alexander 0-0: Called Strike
0-1: Swinging Strike
0-2: Ball
1-2: Ball
2-2: Strikes out swinging
Batting: RHB Simone Cigala 0-0: Foul Ball, location: 3F
0-1: Called Strike
0-2: Hit by Pitch
Chris Morris to second
Batting: SHB Eric Logan 0-0: Ball
1-0: Ball
2-0: Foul Ball, location: 3F
2-1: Ball
3-1: Fly out, F8 (Flyball, 89D, EV 97.5 MPH)
Runner from 2nd tags up, SAFE at 3rd, no throw by CF
Batting: RHB Jim Unknown 0-0: Ball
1-0: Ball
2-0: Ball
3-0: Called Strike
3-1: Ground out 4-3 (Groundball, 3, EV 86.9 MPH)
Bottom of the 2nd over - 0 runs, 1 hit, 0 errors, 2 left on base; West Virginia 2 - Tennessee 0
TOP OF THE 3RD
West Virginia Black Bears batting - Pitching for Tennessee Smokies : LHP Augusto Colón
Batting: RHB Jim Lamb 0-0: Swinging Strike
0-1: Foul Ball, location: 9LMF
0-2: Strikes out swinging, 2-3 out at first.
Batting: RHB Julián Martínez 0-0: Swinging Strike
0-1: Ball
1-1: Ball
2-1: Ball
3-1: Foul Ball, location: 3DF
3-2: Foul Ball, location: 2RF
3-2: Base on Balls
Batting: LHB Charlie Upton 0-0: Ball
1-0: Grounds into double play, 4-6-3 (Groundball, 34S, EV 80.0 MPH)
Top of the 3rd over - 0 runs, 0 hits, 0 errors, 0 left on base; West Virginia 2 - Tennessee 0
BOTTOM OF THE 3RD
Tennessee Smokies batting - Pitching for West Virginia Black Bears : RHP Steve Hansen
Batting: RHB Jorge Colón 0-0: Ball
1-0: Fly out, F8 (Flyball, 8LD, EV 90.0 MPH)
Batting: LHB Deron Hatfield 0-0: Called Strike
0-1: Ball
1-1: Ball
2-1: Swinging Strike
2-2: Ball
3-2: Foul Ball, location: 2LF
3-2: Base on Balls
Batting: RHB Pepe Vega 0-0: Swinging Strike
0-1: Ball
1-1: Called Strike
1-2: Ball
2-2: Grounds into double play, 5-4-3 (Groundball, 25, EV 85.0 MPH)
Bottom of the 3rd over - 0 runs, 0 hits, 0 errors, 0 left on base; West Virginia 2 - Tennessee 0
TOP OF THE 4TH
West Virginia Black Bears batting - Pitching for Tennessee Smokies : LHP Augusto Colón
Batting: RHB Thad Bunch 0-0: Ball
1-0: Foul Ball, location: 2F
1-1: Ball
2-1: Foul Ball, location: 2F
2-2: Ball
3-2: Strikes out swinging
Batting: RHB Tim Ward 0-0: Called Strike
0-1: Fly out, F5 (Line Drive, 56, EV 75.6 MPH)
Batting: LHB Chuck Christian 0-0: Called Strike
0-1: Foul Ball, location: 2F
0-2: Strikes out swinging
Top of the 4th over - 0 runs, 0 hits, 0 errors, 0 left on base; West Virginia 2 - Tennessee 0
BOTTOM OF THE 4TH
Tennessee Smokies batting - Pitching for West Virginia Black Bears : RHP Steve Hansen
Batting: RHB Dewitt Bass 0-0: Called Strike
0-1: Ball
1-1: Foul Ball, location: 3F
1-2: Foul Ball, location: 9LSF
1-2: Strikes out swinging
Batting: RHB Chris Morris 0-0: Ball
1-0: Fly out, F8 (Flyball, 89M, EV 81.9 MPH)
Batting: LHB Johnathan Alexander 0-0: Ball
1-0: Foul Ball, location: 25F
1-1: Ball
2-1: Foul Ball, location: 25FF
2-2: Strikes out swinging
Bottom of the 4th over - 0 runs, 0 hits, 0 errors, 0 left on base; West Virginia 2 - Tennessee 0
TOP OF THE 5TH
West Virginia Black Bears batting - Pitching for Tennessee Smokies : LHP Augusto Colón
Batting: RHB Ty Johnston 0-0: Called Strike
0-1: Called Strike
0-2: Fly out, F3 (Popup, 3SF, EV 75.6 MPH)
Batting: RHB Kevin Davis 0-0: Ball
1-0: Fly out, F7 (Line Drive, 7S, EV 89.4 MPH)
Batting: RHB Kevin Wadley 0-0: Ball
1-0: Called Strike
1-1: Foul Ball, location: 2F
1-2: Ball
2-2: Strikes out swinging
Top of the 5th over - 0 runs, 0 hits, 0 errors, 0 left on base; West Virginia 2 - Tennessee 0
BOTTOM OF THE 5TH
Tennessee Smokies batting - Pitching for West Virginia Black Bears : RHP Steve Hansen
Batting: RHB Simone Cigala 0-0: Ball
1-0: Ground out U3 (Groundball, 34, EV 89.4 MPH)
Batting: SHB Eric Logan 0-0: Called Strike
0-1: Ball
1-1: Swinging Strike
1-2: Strikes out swinging
Batting: RHB Jim Unknown 0-0: Ball
1-0: Called Strike
1-1: Called Strike
1-2: Strikes out swinging
Bottom of the 5th over - 0 runs, 0 hits, 0 errors, 0 left on base; West Virginia 2 - Tennessee 0
TOP OF THE 6TH
West Virginia Black Bears batting - Pitching for Tennessee Smokies : LHP Augusto Colón
Batting: RHB Jim Lamb 0-0: Called Strike
0-1: Fly out, F8 (Line Drive, 78D, EV 88.1 MPH)
Batting: RHB Julián Martínez 0-0: Ball
1-0: Fly out, F9 (Flyball, 89M, EV 92.5 MPH)
Batting: LHB Charlie Upton 0-0: Ball
1-0: Ball
2-0: DOUBLE (Line Drive, 5D, EV 95.0 MPH)
Batting: RHB Thad Bunch 0-0: Swinging Strike
0-1: Swinging Strike
0-2: Ball
1-2: Ball
2-2: Foul Ball, location: 9LDF
2-2: Strikes out swinging
Top of the 6th over - 0 runs, 1 hit, 0 errors, 1 left on base; West Virginia 2 - Tennessee 0
BOTTOM OF THE 6TH
Tennessee Smokies batting - Pitching for West Virginia Black Bears : RHP Steve Hansen
Batting: RHB Jorge Colón 0-0: SOLO HOME RUN (Line Drive, 89XD, EV 101.9 MPH), Distance : 424 ft
Batting: LHB Deron Hatfield 0-0: Ball
1-0: Ball
2-0: Fly out, F9 (Flyball, 89S, EV 85.6 MPH)
Batting: RHB Pepe Vega 0-0: Ball
1-0: Ball
2-0: Ground out 6-3 (Groundball, 6, EV 103.1 MPH)
Batting: RHB Dewitt Bass 0-0: Swinging Strike
0-1: Ball
1-1: Ball
2-1: Swinging Strike
2-2: Ball
3-2: Ground out 6-3 (Groundball, 6, EV 89.4 MPH)
Bottom of the 6th over - 1 run, 1 hit, 0 errors, 0 left on base; West Virginia 2 - Tennessee 1
TOP OF THE 7TH
West Virginia Black Bears batting - Pitching for Tennessee Smokies : LHP Augusto Colón
Batting: RHB Tim Ward 0-0: Called Strike
0-1: Called Strike
0-2: Strikes out looking
Batting: LHB Chuck Christian 0-0: Foul Ball, location: 9LMFF
0-1: Ball
1-1: Ball
2-1: Swinging Strike
2-2: Strikes out swinging
Batting: RHB Ty Johnston 0-0: Ball
1-0: Ball
2-0: Called Strike
2-1: Swinging Strike
2-2: Ball
3-2: Strikes out swinging
Top of the 7th over - 0 runs, 0 hits, 0 errors, 0 left on base; West Virginia 2 - Tennessee 1
BOTTOM OF THE 7TH
Tennessee Smokies batting - Pitching for West Virginia Black Bears : RHP Steve Hansen
Pitching: RHP Greg Cochran
Batting: RHB Chris Morris 0-0: Foul Ball, location: 9LMF
0-1: Ball
1-1: Ball
2-1: Ball
3-1: Base on Balls
Batting: LHB Johnathan Alexander 0-0: Ball
1-0: Ball
2-0: Called Strike
2-1: Fly out, F7 (Flyball, 7LM, EV 90.0 MPH)
Batting: RHB Simone Cigala 0-0: Ball
1-0: Ball
2-0: Grounds into double play, 6-4-3 (Groundball, 6M, EV 102.5 MPH)
Bottom of the 7th over - 0 runs, 0 hits, 0 errors, 0 left on base; West Virginia 2 - Tennessee 1
TOP OF THE 8TH
West Virginia Black Bears batting - Pitching for Tennessee Smokies : LHP Augusto Colón
Batting: RHB Kevin Davis 0-0: Swinging Strike
0-1: Ball
1-1: Ball
2-1: Foul Ball, location: 2F
2-2: Foul Ball, location: 7LSFF
2-2: Ball
3-2: Base on Balls
Pitching: RHP Greg Roach
Batting: RHB Kevin Wadley 0-0: Fly out, F7 (Flyball, 7S, EV 80.0 MPH)
Batting: RHB Jim Lamb 0-0: Ball
1-0: Ball
2-0: Ball
3-0: Base on Balls
Kevin Davis to second
Batting: SHB Jeff Hansen 0-0: Fly out, F7 (Flyball, 78D, EV 106.3 MPH)
Runner from 2nd tags up, SAFE at 3rd with throw by LF
Batting: LHB Charlie Upton 0-0: Called Strike
Jim Lamb is caught stealing 2nd base 2-6
Top of the 8th over - 0 runs, 0 hits, 0 errors, 1 left on base; West Virginia 2 - Tennessee 1
BOTTOM OF THE 8TH
Tennessee Smokies batting - Pitching for West Virginia Black Bears : RHP Greg Cochran
Batting: SHB Eric Logan 0-0: SOLO HOME RUN (Flyball, 9D, EV 99.4 MPH), Distance : 374 ft
Batting: RHB Jim Unknown 0-0: Ground out U3 (Groundball, 34S, EV 88.1 MPH)
Pinch Hitting: LHB Manny Tapia 0-0: Called Strike
0-1: Ball
1-1: Ball
2-1: Ground out 3-1 (Groundball, 34S, EV 70.0 MPH)
Batting: LHB Deron Hatfield 0-0: Foul Ball, location: 5FF
0-1: Swinging Strike
0-2: Ball
1-2: Foul Ball, location: 5DF
1-2: Strikes out swinging
Bottom of the 8th over - 1 run, 1 hit, 0 errors, 0 left on base; West Virginia 2 - Tennessee 2
TOP OF THE 9TH
West Virginia Black Bears batting - Pitching for Tennessee Smokies : RHP Greg Roach
Now at C: Bruno Bailey
Batting: LHB Charlie Upton 0-0: Fly out, F5 (Popup, 25F, EV 78.1 MPH)
Batting: RHB Thad Bunch 0-0: Foul Ball, location: 9LSF
0-1: Swinging Strike
0-2: SINGLE (Line Drive, 6MD, EV 95.6 MPH)
Pinch Hitting: LHB Chris MacIntosh 0-0: Fly out, F8 (Flyball, 8RD, EV 77.5 MPH)
Batting: LHB Chuck Christian 0-0: Called Strike
0-1: Ball
1-1: Ground out U3 (Groundball, 3, EV 82.5 MPH)
Top of the 9th over - 0 runs, 1 hit, 0 errors, 1 left on base; West Virginia 2 - Tennessee 2
BOTTOM OF THE 9TH
Tennessee Smokies batting - Pitching for West Virginia Black Bears : RHP Greg Cochran
Now at C: Ben Miller
Batting: RHB Pepe Vega 0-0: Called Strike
0-1: Ball
1-1: Foul Ball, location: 3F
1-2: Ball
2-2: Ball
3-2: SINGLE (Groundball, 4MS, EV 89.4 MPH) (infield hit)
Batting: RHB Dewitt Bass 0-0: Ball
1-0: Called Strike
1-1: Ball
2-1: Foul Ball, location: 5F
2-2: Ball
3-2: Base on Balls
Pepe Vega to second
Batting: RHB Chris Morris 0-0: SINGLE (Groundball, 4D, EV 105.0 MPH)
Pepe Vega to third
Dewitt Bass to second
Runner from 3rd tries for Home, SAFE, throw by RF to home
Bottom of the 9th over - 1 run, 2 hits, 0 errors, 2 left on base; West Virginia 2 - Tennessee 3
Friday, May 3rd , 2024 - OOTP Baseball 24.10 Build 82